 Dungeon Crawl Stone Soup version 0.19-a0-559-ga3d69d0 (webtiles) character file.

156 hypermopl the Charlatan (level 5, -2/41 HPs)
             Began as a Mummy Artificer on June 8, 2016.
             Slain by an orc wizard
             ... wielding a +0 dagger
              (3 damage)
             ... on level 3 of the Dungeon.
             The game lasted 00:05:06 (2864 turns).

hypermopl the Charlatan (Mummy Artificer)           Turns: 2864, Time: 00:05:07

Health: -2/41      AC:  5    Str: 15    XL:     5   Next: 14%
Magic:  7/7        EV: 12    Int: 11    God:
Gold:   59         SH:  0    Dex: 13    Spells: 0 memorised, 4 levels left

rFire  x . .     SeeInvis .     a - +0 short sword
rCold  + . .     Gourm    .     b - +0 leather armour
rNeg   + + +     Faith    .     (no shield)
rPois  ∞         Spirit   .     k - +0 helmet
rElec  .         Dismiss  .     m - +0 cloak
rCorr  .         Reflect  .     (no gloves)
SustAt .         Harm     .     (no boots)
MR     .....                    (no amulet)
Stlth  +.........               (no ring)
                                (no ring)

@: not resistant to hostile enchantments, very unstealthy
A: no food or potions, fire vulnerability, cold resistance 1, negative energy
resistance 3, torment resistance, unbreathing
a: no special abilities


You were on level 3 of the Dungeon.
You were not hungry.

You visited 1 branch of the dungeon, and saw 3 of its levels.

You collected 59 gold pieces.

Inventory:

Hand Weapons
 a - a +0 short sword (weapon)
 q - a cursed -2 hunting sling
Missiles
 i - 56 stones (quivered)
 j - 49 sling bullets
Armour
 b - a +0 leather armour (worn)
 k - a +0 helmet (worn)
 m - a +0 cloak (worn)
Wands
 c - a wand of flame (5/48)
 d - a wand of enslavement (15/24)
 e - a wand of random effects (9/48)
 p - a wand of flame (31/48)
Scrolls
 f - a scroll of noise
 h - a scroll of enchant weapon {unknown}
 l - a scroll of recharging {unknown}
 n - a scroll of identify {unknown}
 o - a scroll of immolation {unknown}
 r - a scroll of amnesia {unknown}


   Skills:
 + Level 3.5 Fighting
 - Level 0.7 Short Blades
 - Level 1.5 Dodging
 - Level 0.7 Stealth
 + Level 3.9 Evocations


You had 4 spell levels left.
You didn't know any spells.

Dungeon Overview and Level Annotations

Branches:
Dungeon (3/15)

Altars:
Kikubaaqudgha
Okawaru


Innate Abilities, Weirdness & Mutations

You do not eat or drink.
Your flesh is vulnerable to fire.
You are immune to poison.
Your flesh is cold resistant. (rC+)
You are immune to negative energy. (rN+++)
You are immune to unholy pain and torment.
You can survive without breathing.


Message History

A puff of flame appears from out of thin air!
The puff of flame hits you! The fire burns you terribly!
* * * LOW HITPOINT WARNING * * *
As you read the scroll labeled GAOM GIOXELLIN, it crumbles to dust.
You feel blessed for a moment.
It was a scroll of remove curse.
Something hits you but does no damage.
Okay, then.
Evoke which item? (* to show all) (? for menu, Esc to quit)
Zapping:
e - a wand of random effects (11/48)
Press: ? - help, Shift-Dir - straight line You hear a mighty clap of thunder!
This wand has 10 charges left.
You hear a shout! x2
Something hits you but does no damage.
Evoke which item? (* to show all) (? for menu, Esc to quit)
Zapping:
e - a wand of random effects (10/48)
Press: ? - help, Shift-Dir - straight line You hear a mighty clap of thunder!
This wand has 9 charges left.
Something hits you.
You die...

#
#.#.####
#....@.#
###.##{#
# .# ..
.## .#
.# .#


There were no monsters in sight!

Vanquished Creatures
  A vampire bat (D:2)
  An orc priest (D:3)
  2 adders (D:2)
  2 oozes
  3 dart slugs
  2 giant geckos
  2 orcs (D:2)
  4 bats (D:1)
  3 bat skeletons (D:2)
  3 bat zombies (D:2)
  2 giant cockroaches (D:1)
  4 goblins
  9 hobgoblins
  A ball python (D:1)
  2 giant newts
  4 kobolds
  5 rats
50 creatures vanquished.

Notes
Turn   | Place    | Note
--------------------------------------------------------------
     0 | D:1      | hypermopl the Mummy Artificer began the quest for the Orb.
     0 | D:1      | Reached XP level 1. HP: 15/15 MP: 2/2
   143 | D:1      | Reached XP level 2. HP: 10/21 MP: 4/4
   666 | D:1      | Reached skill level 2 in Fighting
  1086 | D:1      | Reached skill level 3 in Evocations
  1174 | D:1      | Reached XP level 3. HP: 27/27 MP: 5/5
  1811 | D:2      | Found an ancient bone altar of Kikubaaqudgha.
  1841 | D:2      | Reached XP level 4. HP: 26/34 MP: 6/6
  2222 | D:2      | Reached skill level 3 in Fighting
  2225 | D:2      | Found an iron altar of Okawaru.
  2800 | D:3      | Reached XP level 5. HP: 34/41 MP: 7/7
  2861 | D:3      | HP: 1/41 [something/puff of flame (12)]
  2864 | D:3      | Slain by an orc wizard

Vault maps used:
D:1:      dpeg_arrival_arbitrary_b, minmay_liquid_box
D:2:      kennysheep_vampire_church, kennysheep_okawaru_gauntlet
D:3:      st_stairs_13

Skill      XL: |  1  2  3  4 |
---------------+-------------+-----
Fighting       | 2 3 |  3.5
Evocations     | 3 |  3.9
Short Blades   | |  0.7
Dodging        | |  1.5
Stealth        | |  0.7

Action                   |  1- 3 |  4- 6 || total
-------------------------+-------+-------++-------
Melee: Short sword       |   147 |    54 ||   201
Evoke: Wand              |     7 |     9 ||    16
  Use: Scroll            |       |     2 ||     2
 Stab: Sleeping          |     1 |     1 ||     2
       Paralysed         |     1 |       ||     1
Armor: Leather armour    |    62 |    15 ||    77
Dodge: Dodged            |   124 |    34 ||   158
